 Dungeon Crawl Stone Soup version 0.22.1-1-ga44c0e5 (webtiles) character file.

7879 brandon the Thaumaturge (level 11, -6/64 HPs)
             Began as a Deep Elf Fire Elementalist on Oct 7, 2018.
             Was a Priest of Vehumet.
             Mangled by a freezing wraith (12 damage)
             ... in an ice cave.
             The game lasted 00:30:12 (12533 turns).

brandon the Thaumaturge (DEFE)                     Turns: 12533, Time: 00:30:13

Health: -6/64      AC:  6    Str:  5    XL:     11   Next: 2%
Magic:  10/30      EV: 13    Int: 24    God:    Vehumet [***...]
Gold:   668        SH:  0    Dex: 15    Spells: 22/37 levels left

rFire    . . .     SeeInvis .   J - +4 war axe
rCold    . . .     Gourm    +   (no shield)
rNeg     + . .     Faith    .   I - +0 steam dragon scales
rPois    .         Spirit   .   (no helmet)
rElec    .         Reflect  .   (no cloak)
rCorr    .         Harm     .   z - +0 pair of gloves
MR       +....                  (no boots)
Stlth    +++.......             t - amulet of the gourmand
HPRegen  0.20/turn              u - ring of stealth
MPRegen  0.22/turn              x - ring of positive energy

@: no status effects
A: no striking features
a: Renounce Religion


You were in an ice cave.
You worshipped Vehumet.
Vehumet was most pleased with you.
You were very full.

You visited 3 branches of the dungeon, and saw 11 of its levels.
You also visited: Sewer and Ice Cave.

You collected 668 gold pieces.

Inventory:

Hand Weapons
 J - a +4 war axe (weapon)
Armour
 a - a +0 robe
 z - a +0 pair of gloves (worn)
 I - +0 steam dragon scales (worn)
Jewellery
 t - an amulet of the gourmand (around neck)
 u - a ring of stealth (left hand)
 x - a ring of positive energy (right hand)
Wands
 o - a wand of disintegration (24)
 w - a wand of enslavement (35)
 G - a wand of polymorph (33)
 L - a wand of iceblast (7)
 N - a wand of acid (9)
 P - a wand of random effects (33)
 Q - a wand of flame (33)
Scrolls
 d - a scroll of amnesia
 e - 3 scrolls of fog
 f - 2 scrolls of enchant armour
 g - a scroll of enchant weapon {unknown}
 h - 6 scrolls of teleportation
 i - a scroll of holy word {unknown}
 k - 3 scrolls of fear
 l - 2 scrolls of blinking
 m - a scroll of immolation {unknown}
 v - 6 scrolls of remove curse
 y - a scroll of magic mapping {unknown}
 D - a scroll of torment {unknown}
 K - a scroll of acquirement {unknown}
 M - a scroll of random uselessness {unknown}
Potions
 b - 3 potions of ambrosia {unknown}
 j - 4 potions of curing {unknown}
 n - a potion of lignification {unknown}
 p - 3 potions of brilliance {unknown}
 q - 2 potions of magic {unknown}
 r - 4 potions of heal wounds
 s - a potion of invisibility {unknown}
 A - a potion of cancellation {unknown}
 B - 2 potions of haste {unknown}
 C - 2 potions of flight {unknown}
 E - a potion of might {unknown}
 H - 2 potions of berserk rage {unknown}
Comestibles
 c - 15 rations


   Skills:
 + Level 6.2 Fighting
 - Level 2.4 Dodging
 - Level 2.4 Stealth
 * Level 13.7 Spellcasting
 + Level 8.4 Conjurations
 + Level 9.0 Fire Magic


You had 22 spell levels left.
You knew the following spells:

 Your Spells              Type           Power        Failure   Level  Hunger
a - Flame Tongue          Conj/Fire      #####        1%          1    None
b - Throw Flame           Conj/Fire      ######       1%          2    None
c - Conjure Flame         Conj/Fire      ######..     1%          3    None
d - Sticky Flame          Conj/Fire      ######..     1%          4    None
e - Fireball              Conj/Fire      ######....   1%          5    ###....

Your spell library contained the following spells:

 Spells                   Type           Power        Failure   Level  Hunger
 Ignite Poison            Fire/Tmut/Pois ####....     1%          3    None
 Inner Flame              Hex/Fire       #####...     1%          3    None


Dungeon Overview and Level Annotations

Branches:
Dungeon (9/15)             Temple (1/1) D:7            Lair (1/6) D:9
    Orc: D:9-12

Altars:
Ashenzari
Cheibriados
Dithmenos
Elyvilon
Fedhas
Gozag
Hepliaklqana
Kikubaaqudgha
Makhleb
Nemelex Xobeh
Okawaru
Qazlal
Ru
Sif Muna
Trog
Uskayaw
Vehumet
Wu Jian
Xom
Yredelemnul
Zin
The Shining One
Beogh

Annotations:
D:7 1 runed door
D:8 Joseph


Message History

The freezing wraith is severely damaged.
The freezing wraith hits you! The freezing wraith freezes you!
* * * LOW HITPOINT WARNING * * *
The freezing wraith hits you.
* * * LOW HITPOINT WARNING * * *
A freezing wraith comes into view.
Casting: Sticky Flame (safe; 1% risk of failure)
Confirm with . or Enter, or press ? or * to list all spells.
Aiming: Sticky Flame (safe; 1% risk of failure)
Press: ? - help, Shift-Dir - straight line, f/p - freezing wraith
Aim: a freezing wraith (severely damaged)
The sticky flame hits the freezing wraith.
The freezing wraith is burned terribly!
The freezing wraith is almost destroyed.
The freezing wraith hits you!
* * * LOW HITPOINT WARNING * * *
The freezing wraith freezes you!
* * * LOW HITPOINT WARNING * * *
The freezing wraith hits you!
You die...

###### ###....##
#.W@....#
#...###..##
#...###..##
#.W.###..## #.5.#
#...# .W.# #..##
##### ..# #...###
###...#### ##
##....###........##
##...............#


You could see 3 freezing wraiths and a white imp.

Vanquished Creatures
  Harold (D:8)
  A two-headed ogre (D:9)
  A komodo dragon (D:9)
  A freezing wraith (IceCv)
  A troll (D:9)
  A wolf spider simulacrum (IceCv)
  A steam dragon (D:9)
  2 death yak simulacra (IceCv)
  A hungry ghost (D:8)
  2 water moccasins (Lair:1)
  4 orc warriors
  A porcupine (Lair:1)
  A black bear (D:9)
  13 ice beasts
  6 ogres
  A centaur (D:9)
  A crocodile (Lair:1)
  3 big kobolds
  2 bullfrogs
  A gnoll sergeant (D:6)
  2 water moccasin zombies
  3 scorpions
  3 killer bees (D:8)
  9 wights
  A howler monkey (D:8)
  A crimson imp (D:7)
  A centaur zombie (D:9)
  3 hounds
  6 orc wizards
  2 bullfrog zombies (D:7)
  3 jellies
  A bullfrog skeleton (D:5)
  A centaur skeleton (D:6)
  2 orc priests
  Jessica (D:2)
  An iguana (D:4)
  8 worker ants
  A polar bear simulacrum (IceCv)
  A killer bee zombie (D:6)
  A hound zombie (D:8)
  3 hound skeletons
  A worker ant zombie (D:6)
  Robin (D:2)
  6 gnolls
  12 adders
  2 shadow imps (D:6)
  4 white imps (IceCv)
  An adder zombie (D:9)
  3 worms
  2 dart slugs
  3 leopard geckos
  37 orcs
  5 giant cockroaches
  12 goblins
  19 hobgoblins
  26 jackals
  18 kobolds
  3 quokkas
  4 ball pythons
  7 bats
  9 frilled lizards
  A jackal skeleton (D:6)
  A quokka skeleton (D:9)
  10 rats
  A fungus (Lair:1)
287 creatures vanquished.

Vanquished Creatures (others)
  16 plants (D:9)
16 creatures vanquished.

Grand Total: 303 creatures vanquished

Notes
Turn   | Place    | Note
-------+----------+-------------------------------------------
     0 | D:1      | brandon the Deep Elf Fire Elementalist began the quest for
                  | the Orb.
     0 | D:1      | Reached XP level 1. HP: 10/10 MP: 6/6
   140 | D:1      | Reached XP level 2. HP: 14/16 MP: 4/8
   617 | D:1      | Reached XP level 3. HP: 20/20 MP: 5/10
   621 | D:1      | Learned a level 2 spell: Throw Flame
   625 | D:1      | Learned a level 3 spell: Conjure Flame
   932 | D:2      | Reached skill level 4 in Spellcasting
  1002 | D:2      | Reached skill level 1 in Fighting
  1405 | D:2      | Reached XP level 4. HP: 25/25 MP: 10/12
  1611 | D:2      | Noticed Robin
  1844 | D:2      | Killed Robin
  2045 | D:2      | Learned a level 4 spell: Sticky Flame
  2326 | D:2      | Noticed Jessica
  2328 | D:2      | Killed Jessica
  2328 | D:2      | Reached skill level 5 in Spellcasting
  2328 | D:2      | Reached XP level 5. HP: 29/29 MP: 8/14
  2409 | D:3      | Found a sparkling altar of Nemelex Xobeh.
  2707 | D:3      | Noticed an ogre
  2713 | D:3      | Killed an ogre
  2995 | D:3      | Reached XP level 6. HP: 35/35 MP: 9/16
  3272 | D:3      | Found a faded altar of an unknown god.
  3387 | D:4      | Reached skill level 6 in Spellcasting
  3974 | D:5      | Entered Level 5 of the Dungeon
  4330 | D:5      | Reached skill level 5 in Fire Magic
  4330 | D:5      | Reached XP level 7. HP: 40/40 MP: 8/19
  4444 | D:5      | Reached skill level 7 in Spellcasting
  4896 | D:6      | Learned a level 5 spell: Fireball
  5062 | D:6      | Reached skill level 8 in Spellcasting
  5292 | D:6      | Found a glowing drain.
  5311 | Sewer    | Entered a sewer
  5457 | Sewer    | Reached XP level 8. HP: 5/46 MP: 0/22
  5769 | Sewer    | Found a white marble altar of Elyvilon.
  5920 | D:6      | Found a shimmering altar of Xom.
  6197 | D:6      | Reached skill level 5 in Conjurations
  6350 | D:6      | Reached skill level 9 in Spellcasting
  6909 | D:8      | Noticed Harold
  7741 | D:7      | Found a basalt altar of Yredelemnul.
  7787 | D:7      | Found a staircase to the Ecumenical Temple.
  7807 | D:7      | Found a burning altar of Makhleb.
  7836 | D:7      | Reached skill level 10 in Spellcasting
  7933 | Temple   | Entered the Ecumenical Temple
  8158 | Temple   | Became a worshipper of Vehumet
  8461 | D:7      | Found a runed door.
  8705 | D:8      | Reached XP level 9. HP: 52/52 MP: 16/25
  9209 | D:8      | Killed Harold
  9209 | D:8      | Reached skill level 11 in Spellcasting
  9237 | D:8      | Reached * piety under Vehumet
  9237 | D:8      | Offered knowledge of Sting by Vehumet.
  9422 | D:8      | Noticed Joseph
  9432 | D:8      | HP: 2/52 [Joseph/sling bullet (9)]
  9842 | D:8      | Reached skill level 5 in Fighting
 10639 | D:9      | Found a shadowy altar of Dithmenos.
 10853 | D:9      | Noticed a two-headed ogre
 10869 | D:9      | Killed a two-headed ogre
 10869 | D:9      | Reached skill level 12 in Spellcasting
 10869 | D:9      | Reached XP level 10. HP: 59/59 MP: 12/28
 11031 | D:9      | Reached ** piety under Vehumet
 11035 | D:9      | Offered knowledge of Throw Frost by Vehumet.
 11750 | D:9      | Found a roughly hewn altar of Beogh.
 11853 | D:9      | Found a staircase to the Lair.
 11868 | Lair:1   | Entered Level 1 of the Lair of Beasts
 11959 | Lair:1   | Offered knowledge of Static Discharge by Vehumet.
 11967 | Lair:1   | Reached skill level 13 in Spellcasting
 12108 | Lair:1   | Got a crude rapier
 12109 | Lair:1   | Identified the +1 rapier "Biboop" {antimagic, rPois Str+4}
                  | (You found it on level 1 of the Lair of Beasts)
 12235 | Lair:1   | Found a frozen archway.
 12249 | Lair:1   | Reached *** piety under Vehumet
 12255 | IceCv    | Entered an ice cave
 12439 | IceCv    | Offered knowledge of Ignite Poison by Vehumet.
 12528 | IceCv    | Reached XP level 11. HP: 64/64 MP: 19/30
 12533 | IceCv    | Mangled by a freezing wraith

Skill      XL: |  1  2  3  4  5  6  7  8  9 10 |
---------------+-------------------------------+-----
Spellcasting   | 4 5 6 8 10 12 13 | 13.7
Fighting       | 1 2 3 4 5 6 |  6.2
Conjurations   | 2 3 4 5 7 8 |  8.4
Fire Magic     | 4 5 6 8 9 |  9.0
Dodging        | |  2.4
Stealth        | |  2.4

Action                   |  1- 3 |  4- 6 |  7- 9 | 10-12 || total
-------------------------+-------+-------+-------+-------++-------
Melee: Club              |     8 |       |       |       ||     8
       War axe           |       |     5 |    58 |     6 ||    69
       Great sword       |       |       |    21 |       ||    21
 Cast: Flame Tongue      |    63 |   123 |   122 |    56 ||   364
       Throw Flame       |     7 |    18 |    19 |    16 ||    60
       Conjure Flame     |       |     3 |     7 |       ||    10
       Sticky Flame      |       |     8 |    32 |    17 ||    57
       Fireball          |       |       |    36 |    25 ||    61
  Use: Scroll            |       |     8 |     4 |     4 ||    16
  Eat: Chunk             |       |    20 |    27 |     7 ||    54
       Ration            |       |     1 |       |       ||     1
Armor: Robe              |     5 |     8 |    26 |       ||    39
       Steam dragon scal |       |       |       |     3 ||     3
Dodge: Dodged            |    25 |    30 |   123 |    29 ||   207
       Rpst.: Great sword |       |       |     6 |       ||     6
